TOP OF THE 1ST |
Detroit X-Wings batting - Pitching for Indiana Hounds : RHP Rob Hill
|
Pitching: RHP Rob Hill
|
|
Batting: RHB Enrique Aguilar
|
0-0: Swinging Strike 0-1: Foul Ball, location: 2F 0-2: Strikes out looking
|
Batting: LHB Chris Loudermilk
|
0-0: Ground out 5-3 (Groundball, 15S)
|
Batting: RHB Merlin Morris
|
0-0: Ball 1-0: Called Strike 1-1: Foul Ball, location: 2F 1-2: Strikes out swinging
|
Top of the 1st over - 0 run(s), 0 hit(s), 0 error(s), 0 left on base; Detroit 0 - Indiana 0 |
BOTTOM OF THE 1ST |
Indiana Hounds batting - Pitching for Detroit X-Wings : RHP Brian Smith
|
Pitching: RHP Brian Smith
|
|
Batting: RHB Jeff Jones
|
0-0: Called Strike 0-1: Ball 1-1: Swinging Strike 1-2: Ground out 4-3 (Groundball, 4)
|
Batting: RHB Domingo Romero
|
0-0: DOUBLE (Line Drive, 78D)
|
Batting: RHB Juan Brieno
|
0-0: Called Strike 0-1: Ball 1-1: Ball 2-1: Called Strike 2-2: Fly out, F8 (Flyball, 8RXD) Runner from 2nd tags up, SAFE at 3rd, no throw
|
Batting: LHB Dave Helásquez
|
0-0: Ball 1-0: Called Strike 1-1: Called Strike 1-2: Ball 2-2: Ball 3-2: SINGLE (Line Drive, 9LS) Domingo Romero scores
|
Batting: RHB Vicente Valentín
|
0-0: Ball 1-0: Ball 2-0: Ball 3-0: Called Strike 3-1: Called Strike 3-2: Foul Ball, location: 2F 3-2: Foul Ball, location: 2F 3-2: 2-RUN HOME RUN (Flyball, 8RXD), Distance : 413 ft
|
Batting: LHB Clint Parkinson
|
0-0: Ball 1-0: Ball 2-0: Swinging Strike 2-1: Called Strike 2-2: Strikes out swinging
|
Bottom of the 1st over - 3 run(s), 3 hit(s), 0 error(s), 0 left on base; Detroit 0 - Indiana 3 |
TOP OF THE 2ND |
Detroit X-Wings batting - Pitching for Indiana Hounds : RHP Rob Hill
|
Batting: RHB Chet Decker
|
0-0: Called Strike 0-1: Ball 1-1: Ball 2-1: Foul Ball, location: 2F 2-2: Ball 3-2: Base on Balls
|
Batting: RHB Gary Witt
|
0-0: Ball 1-0: Called Strike 1-1: Grounds into double play, 6-4-3 (Groundball, 56)
|
Batting: LHB Paul Alston
|
0-0: Ground out 1-3 (Groundball, 13)
|
Top of the 2nd over - 0 run(s), 0 hit(s), 0 error(s), 0 left on base; Detroit 0 - Indiana 3 |
BOTTOM OF THE 2ND |
Indiana Hounds batting - Pitching for Detroit X-Wings : RHP Brian Smith
|
Batting: LHB Dave Watson
|
0-0: Ball 1-0: Called Strike 1-1: Called Strike 1-2: Foul Ball, location: 2F 1-2: Foul Ball, location: 2F 1-2: Ball 2-2: Foul Ball, location: 2F 2-2: Foul Ball, location: 2F 2-2: Fly out, F7 (Flyball, 7LS)
|
Batting: RHB António Venecia
|
0-0: Ball 1-0: Ball 2-0: Ball 3-0: Called Strike 3-1: Base on Balls
|
Batting: RHB Paco Castillo
|
0-0: Ball 1-0: Foul Ball, location: 2F 1-1: Grounds into double play, 3-6-3 (Groundball, 3)
|
Bottom of the 2nd over - 0 run(s), 0 hit(s), 0 error(s), 0 left on base; Detroit 0 - Indiana 3 |
TOP OF THE 3RD |
Detroit X-Wings batting - Pitching for Indiana Hounds : RHP Rob Hill
|
Batting: RHB Domingo Ávila
|
0-0: Ball 1-0: Swinging Strike 1-1: Ball 2-1: SINGLE (Groundball, 34)
|
Batting: SHB Jaime Montés
|
0-0: Ball 1-0: Ball 2-0: Foul Ball, location: 2F 2-1: Ground out U3 (Groundball, 3S) Domingo Ávila to second
|
Batting: RHB Yoshitsune Kamida
|
0-0: Ball 1-0: Foul Ball, location: 2F 1-1: Called Strike 1-2: 2-RUN HOME RUN (Line Drive, 78XD), Distance : 404 ft
|
Batting: RHB Enrique Aguilar
|
0-0: Foul Ball, location: 2F 0-1: Ball 1-1: Called Strike 1-2: Foul Ball, location: 2F 1-2: Ball 2-2: Ball 3-2: Fly out, F7 (Flyball, 78S)
|
Batting: LHB Chris Loudermilk
|
0-0: Called Strike 0-1: Called Strike 0-2: Strikes out swinging
|
Top of the 3rd over - 2 run(s), 2 hit(s), 0 error(s), 0 left on base; Detroit 2 - Indiana 3 |
BOTTOM OF THE 3RD |
Indiana Hounds batting - Pitching for Detroit X-Wings : RHP Brian Smith
|
Batting: RHB Jeff Jones
|
0-0: Ball 1-0: Ball 2-0: Ball 3-0: Base on Balls
|
Batting: RHB Domingo Romero
|
0-0: Ball 1-0: Ball 2-0: Ball 3-0: Called Strike 3-1: Called Strike 3-2: Fly out, F7 (Line Drive, 7S)
|
Batting: RHB Juan Brieno
|
0-0: Ball 1-0: Called Strike 1-1: Foul Ball, location: 2F 1-2: Ball 2-2: Ball 3-2: Base on Balls Jeff Jones to second
|
Batting: LHB Dave Helásquez
|
0-0: Ball 1-0: Ball 2-0: Ball 3-0: Called Strike 3-1: Base on Balls Jeff Jones to third Juan Brieno to second
|
Batting: RHB Vicente Valentín
|
0-0: Ball 1-0: Called Strike 1-1: Fly out, F8 (Flyball, 8RM)
|
Batting: LHB Clint Parkinson
|
0-0: Ball 1-0: Ball 2-0: Foul Ball, location: 2F 2-1: Foul Ball, location: 2F 2-2: DOUBLE (Flyball, 9LM) Jeff Jones scores Juan Brieno scores Dave Helásquez to third
|
Batting: LHB Dave Watson
|
0-0: Ball 1-0: Ball 2-0: Fly out, F5 (Popup, 5F)
|
Bottom of the 3rd over - 2 run(s), 1 hit(s), 0 error(s), 2 left on base; Detroit 2 - Indiana 5 |
TOP OF THE 4TH |
Detroit X-Wings batting - Pitching for Indiana Hounds : RHP Rob Hill
|
Batting: RHB Merlin Morris
|
0-0: Called Strike 0-1: DOUBLE (Flyball, 78M)
|
Batting: RHB Chet Decker
|
0-0: Called Strike 0-1: Ball 1-1: Foul Ball, location: 2F 1-2: Ball 2-2: Foul Ball, location: 2F 2-2: Strikes out looking
|
Pitching: LHP Dennis Taylor
|
|
Batting: RHB Gary Witt
|
0-0: Called Strike 0-1: Swinging Strike 0-2: Strikes out looking
|
Batting: LHB Paul Alston
|
0-0: Called Strike 0-1: SINGLE (Line Drive, 6D) Merlin Morris to third Runner from 3rd tries for Home, SAFE, no throw or cutoff
|
Batting: RHB Domingo Ávila
|
0-0: Swinging Strike 0-1: Ball 1-1: Ball 2-1: Fielders Choice at 2nd, 6-4 (Groundball, 6)
|
Top of the 4th over - 1 run(s), 2 hit(s), 0 error(s), 0 left on base; Detroit 3 - Indiana 5 |
BOTTOM OF THE 4TH |
Indiana Hounds batting - Pitching for Detroit X-Wings : RHP Brian Smith
|
Batting: RHB António Venecia
|
0-0: Ball 1-0: Foul Ball, location: 2F 1-1: Ground out 6-3 (Groundball, 6)
|
Batting: RHB Paco Castillo
|
0-0: Foul Ball, location: 2F 0-1: Ball 1-1: Ball 2-1: Fly out, F9 (Flyball, 89M)
|
Batting: RHB Jeff Jones
|
0-0: Ball 1-0: Ball 2-0: Ball 3-0: Called Strike 3-1: Base on Balls
|
Batting: RHB Domingo Romero
|
0-0: Foul Ball, location: 2F 0-1: SINGLE (Groundball, 4D) Jeff Jones to second Runner from 2nd tries for 3rd, SAFE, throw made to third
|
Batting: RHB Juan Brieno
|
0-0: Called Strike 0-1: Ball 1-1: Ball 2-1: SINGLE (Groundball, 34) Jeff Jones scores Domingo Romero to second Runner from 2nd tries for 3rd, SAFE, throw made to third Juan Brieno to second
|
Batting: LHB Dave Helásquez
|
0-0: Foul Ball, location: 2F 0-1: Foul Ball, location: 2F 0-2: Ball 1-2: Foul Ball, location: 2F 1-2: Ball 2-2: Fly out, F8 (Flyball, 8RXD)
|
Bottom of the 4th over - 1 run(s), 2 hit(s), 0 error(s), 2 left on base; Detroit 3 - Indiana 6 |
TOP OF THE 5TH |
Detroit X-Wings batting - Pitching for Indiana Hounds : LHP Dennis Taylor
|
Batting: SHB Jaime Montés
|
0-0: Ball 1-0: Foul Ball, location: 2F 1-1: Foul Ball, location: 2F 1-2: Ball 2-2: Ground out 5-3 (Groundball, 56S)
|
Batting: RHB Yoshitsune Kamida
|
0-0: Foul Ball, location: 2F 0-1: Ball 1-1: Called Strike 1-2: Ground out 5-3 (Groundball, 5)
|
Batting: RHB Enrique Aguilar
|
0-0: Ball 1-0: Ball 2-0: Fly out, F9 (Flyball, 9D)
|
Top of the 5th over - 0 run(s), 0 hit(s), 0 error(s), 0 left on base; Detroit 3 - Indiana 6 |
BOTTOM OF THE 5TH |
Indiana Hounds batting - Pitching for Detroit X-Wings : RHP Brian Smith
|
Pitching: LHP Richard Dorris
|
|
Batting: RHB Vicente Valentín
|
0-0: Called Strike 0-1: Ball 1-1: Reached on error, E5 (Groundball, 5S)
|
Batting: LHB Clint Parkinson
|
0-0: Foul Ball, location: 2F 0-1: Foul Ball, location: 2F 0-2: Ball 1-2: Strikes out swinging
|
Batting: LHB Dave Watson
|
0-0: Foul Ball, location: 2F 0-1: Ball 1-1: Ball 2-1: Grounds into double play, 1-4-3 (Groundball, 13S)
|
Bottom of the 5th over - 0 run(s), 0 hit(s), 1 error(s), 0 left on base; Detroit 3 - Indiana 6 |
TOP OF THE 6TH |
Detroit X-Wings batting - Pitching for Indiana Hounds : LHP Dennis Taylor
|
Batting: LHB Chris Loudermilk
|
0-0: Foul Ball, location: 2F 0-1: Ball 1-1: Fly out, F7 (Flyball, 7M)
|
Batting: RHB Merlin Morris
|
0-0: Called Strike 0-1: Ball 1-1: Swinging Strike 1-2: Ground out 5-3 (Groundball, 56)
|
Batting: RHB Chet Decker
|
0-0: Foul Ball, location: 2F 0-1: Ball 1-1: Foul Ball, location: 2F 1-2: Ball 2-2: Ball 3-2: Fly out, F9 (Flyball, 9S)
|
Top of the 6th over - 0 run(s), 0 hit(s), 0 error(s), 0 left on base; Detroit 3 - Indiana 6 |
BOTTOM OF THE 6TH |
Indiana Hounds batting - Pitching for Detroit X-Wings : LHP Richard Dorris
|
Batting: RHB António Venecia
|
0-0: Called Strike 0-1: Ball 1-1: Fly out, F4 (Popup, 34)
|
Batting: RHB Paco Castillo
|
0-0: Ball 1-0: Ground out 6-3 (Groundball, 6)
|
Batting: RHB Jeff Jones
|
0-0: Called Strike 0-1: Ground out 6-3 (Groundball, 6M)
|
Bottom of the 6th over - 0 run(s), 0 hit(s), 0 error(s), 0 left on base; Detroit 3 - Indiana 6 |
TOP OF THE 7TH |
Detroit X-Wings batting - Pitching for Indiana Hounds : LHP Dennis Taylor
|
Pitching: RHP Teddy Mathews
|
|
Batting: RHB Gary Witt
|
0-0: SINGLE (Popup, 8RS)
|
Batting: LHB Paul Alston
|
0-0: Ground out U3 (Groundball, 3S) Gary Witt to second
|
Batting: RHB Domingo Ávila
|
0-0: Foul Ball, location: 2F 0-1: Ball 1-1: Called Strike 1-2: Ground out 6-3 (Groundball, 6M) Gary Witt to third
|
Batting: SHB Jaime Montés
|
0-0: Called Strike 0-1: Swinging Strike 0-2: Ball 1-2: Strikes out swinging
|
Top of the 7th over - 0 run(s), 1 hit(s), 0 error(s), 1 left on base; Detroit 3 - Indiana 6 |
BOTTOM OF THE 7TH |
Indiana Hounds batting - Pitching for Detroit X-Wings : LHP Richard Dorris
|
Pitching: RHP Nick Hall
|
|
Batting: RHB Domingo Romero
|
0-0: Called Strike 0-1: Ball 1-1: Ball 2-1: Ball 3-1: Fly out, F3 (Popup, 3DF)
|
Batting: RHB Juan Brieno
|
0-0: SINGLE (Groundball, 6)
|
Batting: LHB Dave Helásquez
|
0-0: Ball 1-0: Called Strike 1-1: Fly out, F5 (Popup, 5L)
|
Batting: RHB Vicente Valentín
|
0-0: Ball 1-0: Swinging Strike 1-1: Foul Ball, location: 2F 1-2: Reached on error, E6 (Groundball, 6) Juan Brieno to third
|
Batting: LHB Clint Parkinson
|
0-0: Reached on error, E6 (Groundball, 6M) Juan Brieno scores Vicente Valentín to third
|
Batting: LHB Dave Watson
|
0-0: Fly out, F8 (Popup, 4MD)
|
Bottom of the 7th over - 1 run(s), 1 hit(s), 2 error(s), 2 left on base; Detroit 3 - Indiana 7 |
TOP OF THE 8TH |
Detroit X-Wings batting - Pitching for Indiana Hounds : RHP Teddy Mathews
|
Batting: RHB Yoshitsune Kamida
|
0-0: SINGLE (Line Drive, 78M)
|
Batting: RHB Enrique Aguilar
|
0-0: Ball 1-0: Ball 2-0: Ball 3-0: Base on Balls Yoshitsune Kamida to second
|
Pitching: RHP Estefan Jiménez
|
|
Batting: LHB Chris Loudermilk
|
0-0: Called Strike 0-1: Foul Ball, location: 2F 0-2: Fielders Choice at 2nd, 4-6 (Groundball, 34) Yoshitsune Kamida to third
|
Batting: RHB Merlin Morris
|
0-0: Called Strike 0-1: Ball 1-1: Ball 2-1: Fielders Choice at 2nd, 1-6 (Groundball, 23)
|
Now at SS: Danny Walker
|
|
Batting: RHB Chet Decker
|
0-0: Ball 1-0: Ball 2-0: Called Strike 2-1: Swinging Strike 2-2: SINGLE (Line Drive, 78S) Yoshitsune Kamida scores Merlin Morris to second
|
Batting: RHB Gary Witt
|
0-0: Ball 1-0: Ball 2-0: Ball 3-0: Base on Balls Merlin Morris to third Chet Decker to second
|
Pitching: LHP Ian DeMichelis
|
|
Pinch Hitting: RHB Carlos Aguirre
|
0-0: Foul Ball, location: 2F 0-1: Ball 1-1: Ball 2-1: Foul Ball, location: 2F 2-2: Ball 3-2: Foul Ball, location: 2F 3-2: SINGLE (Line Drive, 89S) Merlin Morris scores Chet Decker to third Gary Witt to second Chet Decker scores Gary Witt to third
|
Pitching: RHP Ronald Moore
|
|
Pinch Hitting: LHB Jeremy Cox
|
0-0: Called Strike 0-1: Ball 1-1: Swinging Strike 1-2: Strikes out swinging
|
Top of the 8th over - 3 run(s), 3 hit(s), 0 error(s), 2 left on base; Detroit 6 - Indiana 7 |
BOTTOM OF THE 8TH |
Indiana Hounds batting - Pitching for Detroit X-Wings : RHP Nick Hall
|
Now at 3B: Keith Sims
|
|
Now in RF: Jeremy Cox
|
|
Batting: RHB António Venecia
|
0-0: Ball 1-0: Called Strike 1-1: Swinging Strike 1-2: Strikes out looking
|
Batting: RHB Paco Castillo
|
0-0: Called Strike 0-1: Called Strike 0-2: Foul Ball, location: 2F 0-2: Ball 1-2: SINGLE (Groundball, 6MD)
|
Batting: RHB Jeff Jones
|
0-0: Ball 1-0: Called Strike 1-1: Ball 2-1: Ball 3-1: Fly out, F9 (Flyball, 9S)
|
Batting: RHB Domingo Romero
|
0-0: Ball 1-0: Swinging Strike 1-1: Called Strike 1-2: Ball 2-2: Ball 3-2: Base on Balls Paco Castillo to second
|
Pitching: LHP Clarence Skerratt
|
|
Batting: RHB Danny Walker
|
0-0: Ball 1-0: Ball 2-0: Ball 3-0: Called Strike 3-1: Foul Ball, location: 2F 3-2: Base on Balls Paco Castillo to third Domingo Romero to second
|
Pinch Hitting: RHB Doug Murray
|
0-0: Ball 1-0: Ball 2-0: Foul Ball, location: 2F 2-1: Swinging Strike 2-2: Foul Ball, location: 2F 2-2: Ball 3-2: DOUBLE (Flyball, 9D) Paco Castillo scores Domingo Romero scores Danny Walker to third Danny Walker scores
|
Batting: RHB Vicente Valentín
|
0-0: Ball 1-0: Ball Wild Pitch! Doug Murray to third 2-0: Ball 3-0: Base on Balls
|
Batting: LHB Clint Parkinson
|
0-0: Called Strike 0-1: Ball 1-1: Fly out, F9 (Flyball, 89D)
|
Bottom of the 8th over - 3 run(s), 2 hit(s), 0 error(s), 2 left on base; Detroit 6 - Indiana 10 |
TOP OF THE 9TH |
Detroit X-Wings batting - Pitching for Indiana Hounds : RHP Ronald Moore
|
Now in LF: Carlos Moya
|
|
Batting: SHB Jaime Montés
|
0-0: Fly out, F2 (Popup, 2RF)
|
Batting: RHB Yoshitsune Kamida
|
0-0: Ball 1-0: Foul Ball, location: 2F 1-1: Ball 2-1: Swinging Strike 2-2: Foul Ball, location: 2F 2-2: Ball 3-2: Base on Balls
|
Batting: RHB Enrique Aguilar
|
0-0: Swinging Strike 0-1: Fly out, F3 (Popup, 3SF)
|
Batting: LHB Chris Loudermilk
|
0-0: Ball 1-0: SINGLE (Line Drive, 56) Yoshitsune Kamida to second
|
Pitching: RHP Enrique Gómez
|
|
Batting: RHB Merlin Morris
|
0-0: Ground out 5-3 (Groundball, 5S)
|
Top of the 9th over - 0 run(s), 1 hit(s), 0 error(s), 2 left on base; Detroit 6 - Indiana 10 |
|